 Dungeon Crawl Stone Soup version 0.27.0-1-g7a089689b8 (webtiles) character file.

Game seed: 8591791957681693941

24 nxtlvl the Poker (level 3, 7/27 HPs)
             Began as a Human Gladiator on Aug 4, 2021.
             Quit the game on level 8 of the Dungeon.
             The game lasted 00:05:37 (497 turns).

nxtlvl the Poker (Human Gladiator)                   Turns: 497, Time: 00:05:38

Health: 7/27       AC:  9    Str: 14    XL:     3   Next: 15%
Magic:  3/3        EV:  6    Int:  8    God:
Gold:   35         SH:  0    Dex: 15    Spells: 2/2 levels left

rFire    + . .     SeeInvis .   a - +0 trident
rCold    . . .     Faith    .   (no shield)
rNeg     . . .     Spirit   .   f - +0 chain mail {rF+}
rPois    .         Reflect  .   c - +0 helmet
rElec    .         Harm     .   (no cloak)
rCorr    .         Rampage  .   (no gloves)
Will     .....                  (no boots)
Stlth    ..........             (no amulet)
HPRegen  0.09/turn              (no ring)
MPRegen  0.08/turn              (no ring)

@: no status effects
A: no striking features
a: no special abilities


You were on level 8 of the Dungeon.
You visited 1 branch of the dungeon, and saw 7 of its levels.

You collected 35 gold pieces.

Inventory:

Hand Weapons
 a - a +0 trident (weapon)
Missiles
 d - 3 throwing nets (quivered)
 e - 46 sling bullets
Armour
 c - a +0 helmet (worn)
 f - a +0 chain mail of fire resistance (worn)
Scrolls
 b - a scroll of enchant weapon {unknown}
 g - a scroll of holy word {unknown}
 h - 3 scrolls of teleportation {unknown}
 i - a scroll of enchant armour {unknown}


   Skills:
 - Level 2.0 Fighting
 + Level 4.1 Polearms
 - Level 2.0 Throwing
 - Level 3.0 Dodging


You had 2 spell levels left.
You didn't know any spells.
Your spell library was empty.

Dungeon Overview and Level Annotations

Branches:
Dungeon (9/15)
 Temple: D:4-7         Lair: D:8-11         Orc: D:9-12

Altars:

Shops:
D:1 (   D:3 *

Portals:
Bailey: D:8

Annotations:
D:2 exclusion: downstairs


Message History

An orc is wielding a +0 club and wearing a +1 ring mail of poison resistance.
An orc is wielding a +0 flail and quivering boomerangs of dispersal.
The goblin shouts!
The orc shouts! x2; You hear a shout! x2
Found an escape hatch in the floor.
There is a stone staircase leading up here.
A wight comes into view. It is wielding a +0 halberd.
The orc throws a boomerang of dispersal.
The boomerang of dispersal hits you.
* * * LOW HITPOINT WARNING * * *
You blink.
A goblin comes into view. It is wielding a +0 spear. x2
Found a cloak.
Found a flagged portal.
Found a stone staircase leading down.
An orc wizard and 2 wights come into view.
A wight is wielding a +1 long sword of freezing.
The orc wizard moves out of view.
The goblin shouts! x2
There is a stone staircase leading down here.
The goblin hits you from afar with a +0 spear.
* * * LOW HITPOINT WARNING * * *
You climb downwards.
There is a stone staircase leading up here.
Found a stone staircase leading up.
Found a stone staircase leading down.
There is a stone staircase leading up here.
You climb upwards.
You hear the roar of battle.
There is an entrance to a bailey on this level.
Hurry and find it before the portal closes forever!
Found a stone staircase leading up.
There is a stone staircase leading down here.
Found a stone staircase leading down.
There is a stone staircase leading up here.
You climb upwards.
An ice beast and a skeleton come into view.
Found 18 gold pieces.
There is a stone staircase leading down here.
You climb downwards.
You hear the roar of battle.
There is an entrance to a bailey on this level.
Hurry and find it before the portal closes forever!
There is a stone staircase leading up here.
You aren't carrying any potions.
Are you sure you want to abandon this character and quit the game? (Confirm with "yes".)

#..>....##.......#
##......##.......#
#........#......##
#........#......##
#........#.......#
#........#.......#
##.......#.......#
#........#......##
#.......#@.......#
#########.######.#
#.......##
#........#
#........#
#........#
#........#
##########


There were no monsters in sight!

Vanquished Creatures
  An adder (D:3)
  A worm (D:3)
  A dart slug (D:1)
  3 ball pythons
  An endoplasm (D:4)
  A goblin (D:3)
  3 frilled lizards
  A rat (D:3)
12 creatures vanquished.

Vanquished Creatures (others)
  14 fungi (D:8)
14 creatures vanquished.

Grand Total: 26 creatures vanquished

Notes
Turn   | Place    | Note
-------+----------+-------------------------------------------
     0 | D:1      | nxtlvl the Human Gladiator began the quest for the Orb.
     0 | D:1      | Reached XP level 1. HP: 16/16 MP: 1/1
    81 | D:1      | Found Yniham's Antique Weapon Boutique.
   233 | D:3      | Reached XP level 2. HP: 18/22 MP: 2/2
   233 | D:3      | Found Reghusch's Assorted Antiques.
   349 | D:3      | Reached skill level 4 in Polearms
   349 | D:3      | Reached XP level 3. HP: 10/27 MP: 3/3
   433 | D:4      | Noticed an ogre
   445 | D:4      | You fall into a shaft and drop 3 floors!
   445 | D:7      | Noticed a water moccasin
   453 | D:8      | Noticed a wight
   453 | D:8      | Found a flagged portal.
   454 | D:8      | Noticed a wight
   454 | D:8      | Noticed a wight
   481 | D:7      | Noticed an ice beast
   497 | D:8      | Quit the game

Illustrated notes

Levels and vault maps discovered:
D:1:      ebering_hopf_link, layout_basic, serial_shops, nicolae_shop_stone
D:2:      layout_basic, corexii_hall_statues_t
D:3:      layout_loops_ring, lemuel_tele_altar, serial_shops,
          nicolae_shop_competitors_out_of_business, grunt_ministairs_4,
          item_on_display_a, uniq_crazy_yiuf_cottage
D:4:      layout_basic, minmay_temple_entry_waves, uniq_grinder
D:7:      layout_cave_pools, david_defended_altar_orc, uniq_pikel
D:8:      layout_gridville, mainiacjoe_overflow_catch_the_wave, serial_undead,
          serial_undead_a, serial_undead_b, serial_undead_d, serial_undead_b,
          serial_undead_e, serial_undead_b, enter_bailey_5, minivault_24,
          chequers_serial_rivers_small_b, uniq_joseph
D:9:      layout_loops_ring, mainiacjoe_overflow_tiny_flanked,
          nicolae_overflow_hidden_temple, slow_altar_1, dpeg_lair_monsters,
          minmay_statue_crystal_thing, uniq_erolcha

Skill      XL: |  1  2 |
---------------+-------+-----
Polearms       | 4 |  4.1
Fighting       | |  2.0
Throwing       | |  2.0
Dodging        | |  3.0

Action                   || total
-------------------------++-------
Melee: Trident           ||    40
  Use: Potion            ||     1
Armor: Chain mail        ||    16
Dodge: Dodged            ||    14
